 Dungeon Crawl Stone Soup version 0.31-a0-986-g5e6e4ef867 (webtiles) character file.

Game seed: 18306182762354728072

13077 croobank the Sneak (level 11, -2/83 HPs)
             Began as a Demonspawn Fire Elementalist on Nov 20, 2023.
             Was an Initiate of Gozag.
             Slain by a jumping spider (16 damage)
             ... on level 3 of the Lair of Beasts.
             The game lasted 00:58:12 (18988 turns).

croobank the Sneak (Demonspawn Fire Elementalist)  Turns: 18988, Time: 00:58:13

Health: -2/83      AC:  5    Str: 10    XL:     11   Next: 70%
Magic:  15/20      EV:  7    Int: 20    God:    Gozag
Gold:   1690       SH:  0    Dex: 13    Spells: 0/22 levels left

rFire   + + .        A - +3 dagger (speed)
rCold   . . .        (no shield)
rNeg    . . .        i - +1 robe {rF+}
rPois   .            (helmet restricted)
rElec   .            (no cloak)
rCorr   .            l - +1 pair of gloves {Stlth+}
SInv    +            (no boots)
Will    .....        o - amulet of magic regeneration
Stlth   ++++         n - ring of protection from fire
HPRegen 0.33/turn    r - ring of see invisible
MPRegen 0.57/turn

%: no passive effects
@: held
A: antennae 2, powered by death 2, sturdy frame 1, condensation shield
a: Renounce Religion, Potion Petition, Call Merchant, Bribe Branch


You were on level 3 of the Lair of Beasts.
You worshipped Gozag.
Gozag was most pleased with you.
You visited 3 branches of the dungeon, and saw 15 of its levels.

You collected 2086 gold pieces.
You spent 252 gold pieces at shops.
You paid 144 gold pieces to Gozag.

Inventory:

Hand Weapons
 a - a +1 dagger of venom
 m - a +0 sling
 q - a +3 dagger
 v - a +1 whip of electrocution
 A - a +3 dagger of speed (weapon)
 N - a +3 trident
Missiles
 h - 46 poisoned darts
 t - 6 boomerangs (quivered)
 L - 4 curare-tipped darts
Armour
 i - a +1 robe of fire resistance (worn)
 l - a +1 pair of gloves of stealth (worn)
Magical Staves
 z - a staff of conjuration
 G - a staff of air
Jewellery
 n - a ring of protection from fire (left hand)
 o - an amulet of magic regeneration (around neck)
 r - a ring of see invisible (right hand)
 w - a +5 ring of evasion
Wands
 f - a wand of charming (2)
 s - a wand of iceblast (9)
 x - a wand of polymorph (13)
 y - a wand of light (10)
Scrolls
 d - 3 scrolls of amnesia
 e - 3 scrolls of teleportation
 u - a scroll of fear
 F - a scroll of brand weapon {unknown}
 I - a scroll of immolation {unknown}
 M - 2 scrolls of revelation {unknown}
 P - a scroll of poison {unknown}
Potions
 b - 2 potions of magic
 c - 3 potions of mutation
 g - 3 potions of curing
 k - 3 potions of attraction
 p - 3 potions of brilliance
 B - 3 potions of enlightenment
 D - 4 potions of cancellation
 E - 3 potions of resistance
 H - 3 potions of heal wounds
 J - a potion of berserk rage
 K - 2 potions of might {unknown}


   Skills:
 + Level 6.5 Fighting
 * Level 2.5 Short Blades
 + Level 6.4 Dodging
 + Level 6.9 Stealth
 + Level 6.4 Spellcasting
 - Level 6.2 Conjurations
 - Level 5.0 Hexes
 + Level 4.3 Summonings
 + Level 6.7 Fire Magic
 + Level 4.0 Air Magic
 + Level 4.3 Poison Magic


You couldn't memorise any spells.
You knew the following spells:

 Your Spells              Type           Power      Damage    Failure   Level
a - Foxfire               Conj/Fire      100%       2x1d9     1%          1
b - Scorch                Fire           66%        2d7       1%          2
c - Call Canine Familiar  Summ           23%        N/A       4%          3
d - Summon Guardian Gole  Hex/Summ       25%        N/A       4%          3
e - Mephitic Cloud        Conj/Pois/Air  25%        N/A       4%          3
f - Dazzling Flash        Conj/Hex       56%        N/A       3%          3
g - Poisonous Vapours     Pois/Air       46%        N/A       2%          2
h - Inner Flame           Hex/Fire       29%        N/A       2%          3
i - Searing Ray           Conj           62%        2d6       1%          2

Your spell library contained the following spells:

 Spells                   Type           Power      Damage    Failure   Level
 Magic Dart               Conj           100%       1d8       1%          1
 Summon Small Mammal      Summ           92%        N/A       1%          1
 Ignite Poison            Fire/Tmut/Pois 21%        N/A       7%          3
 Flame Wave               Conj/Fire      32%        2d9       7%          4
 Sticky Flame             Conj/Fire      32%        2d5       7%          4
 Volatile Blastmotes      Fire/Tloc      38%        2d13      8%          3
 Hailstorm                Conj/Ice       18%        3d6       9%          3
 Stone Arrow              Conj/Erth      36%        3d9       9%          3
 Apportation              Tloc           12%        N/A       10%         1
 Freeze                   Ice            24%        1d4       10%         1
 Necrotise                Necr           24%        1d5       10%         1
 Fulminant Prism          Conj/Hex       14%        3d9       10%         4
 Cause Fear               Hex            13%        N/A       13%         4
 Fireball                 Conj/Fire      16%        3d8       19%         5
 Frozen Ramparts          Ice            12%        1d2       30%         3
 Animate Armour           Summ/Erth      30%        N/A       38%         4
 Silence                  Hex/Air        12%        N/A       41%         5
 Freezing Cloud           Conj/Ice/Air   10%        6-21      56%         5
 Agony                    Necr           6%         N/A       95%         5
 Malign Gateway           Summ/Tloc      7%         N/A       100%        7
 Ignition                 Fire           16%        3d7       100%        8
 Lehudib's Crystal Spear  Conj/Erth      9%         10d4      100%        8
 Summon Horrible Things   Summ           11%        N/A       100%        8
 Dragon's Call            Summ           11%        N/A       100%        9


Dungeon Overview and Level Annotations

Branches:
Dungeon (11/15)            Temple (1/1) D:5            Lair (3/5) D:8
  Swamp (0/4) Lair:2          Orc (0/2) D:9
  Snake: Lair:2-3    Spider: Lair:2-3

Altars:
Ashenzari
Cheibriados
Dithmenos
Fedhas
Gozag
Hepliaklqana
Kikubaaqudgha
Makhleb
Nemelex Xobeh
Okawaru
Qazlal
Ru
Sif Muna
Trog
Uskayaw
Vehumet
Wu Jian
Xom
Yredelemnul

Shops:
D:4 *   D:8 !

Annotations:
D:9 2 transporters, mandarbmax's ghost, journeyman VSFi


Innate Abilities, Weirdness & Mutations

You have a pair of antennae on your head.
You regenerate health from kills.
Your movements are slightly less encumbered by armour. (ER -2)
A meltable shield of frost defends you. (SH +4)


Message History

The jumping spider bites you! The jumping spider pounces on you!
The jumping spider bites you but does no damage.
The jumping spider leaps!
Casting: Foxfire (safe; 1% risk of failure)
Confirm with . or Enter, or press ? or * to list all spells.
You can't see any susceptible monsters within range! (Use Z to cast anyway.)
The jumping spider leaps!
The jumping spider pounces on you but does no damage.
The jumping spider bites you.
Casting: Foxfire (safe; 1% risk of failure)
Confirm with . or Enter, or press ? or * to list all spells.
You conjure some foxfire!
The jumping spider pounces on you! The jumping spider bites you.
Casting: Foxfire (safe; 1% risk of failure)
Confirm with . or Enter, or press ? or * to list all spells.
Flames lash the jumping spider.
The jumping spider is moderately wounded.
The jumping spider's fire resistance burns away.
The foxfire hits the jumping spider.
The jumping spider is burned terribly!
The jumping spider is heavily wounded.
The foxfire hits the jumping spider but does no damage.
The jumping spider is heavily wounded.
The jumping spider pounces on you!
You are even more entangled.
The jumping spider bites you but does no damage.
The jumping spider closely misses you.
The jumping spider bites you but does no damage.
Casting: Scorch (safe; 1% risk of failure)
Confirm with . or Enter, or press ? or * to list all spells.
Flames lash the jumping spider.
The jumping spider is burned terribly!
The jumping spider is severely wounded.
The jumping spider pounces on you!
* * * LOW HITPOINT WARNING * * *
You are even more entangled.
The jumping spider barely misses you.
Casting: Scorch (safe; 1% risk of failure)
Confirm with . or Enter, or press ? or * to list all spells.
Flames lash the jumping spider.
The jumping spider is burned terribly!
The jumping spider is almost dead.
The jumping spider barely misses you. x2; The jumping spider pounces on you!
You die...
Your body crumbles into a pile of gold.

........# ##........####
......<.#...^^##...........
......^.##..^.^#...........
.........##^^.^##..........
..........#.^..^#..........
..........# #.^.##.........
........... #^.^##....##.
....>....... #$.s..###.#
..........#...#.@...# #
#...$....## P.....#####
...... ....# ...# ..# ..


You could see a jumping spider (combustible).

Vanquished Creatures
  An elephant (D:7)
  2 black mambas
  3 cane toads
  A kobold demonologist (D:6)
  2 komodo dragons
  A polar bear (Lair:2)
  A culicivora (Lair:3)
  2 fire bats (D:6)
  A wyvern (D:10)
  22 yaks
  A steam dragon (D:9)
  A basilisk (D:8)
  2 water moccasins (Lair:2)
  A sky beast (D:8)
  An orc warrior (D:9)
  A swamp drake (D:9)
  An ice beast (D:6)
  2 black bears
  4 ogres
  7 wolves (Lair:1)
  3 centaurs
  A phantom (D:6)
  7 kobold brigands
  5 bullfrogs
  3 scorpions
  11 killer bees
  2 howler monkeys
  3 hounds
  4 jellies
  A gnoll bouda (D:8)
  An iguana (D:6)
  2 orc priests
  A sleepcap (D:6)
  8 orc wizards
  6 adders
  20 gnolls
  A shadow imp (D:8)
  4 ufetubi
  A worm (D:2)
  A dart slug (D:5)
  34 orcs
  9 ball pythons
  6 bats
  9 endoplasms
  6 giant cockroaches
  16 hobgoblins
  52 kobolds
  A quokka (D:1)
  3 frilled lizards
  4 goblins
  6 rats
288 creatures vanquished.

Vanquished Creatures (collateral kills)
  A torpor snail (Lair:1)
  A troll (D:10)
  3 dream sheep (Lair:1)
  A foxfire (Lair:1)
6 creatures vanquished.

Vanquished Creatures (others)
  Joseph (D:8)
  A yak (D:7)
  A swamp worm (Lair:2)
  3 wights (D:8)
  750 foxfires
756 creatures vanquished.

Grand Total: 1050 creatures vanquished

Notes
Turn   | Place    | Note
-------+----------+-------------------------------------------
     0 | D:1      | croobank the Demonspawn Fire Elementalist began the quest
                  | for the Orb.
     0 | D:1      | Reached XP level 1. HP: 13/13 MP: 3/3
   242 | D:1      | Gained mutation: You have a pair of small antennae on your
                  | head. [demonic ancestry]
   242 | D:1      | Reached XP level 2. HP: 19/19 MP: 0/5
   294 | D:1      | Learned a level 2 spell: Scorch
   660 | D:1      | Found a faded altar of an unknown god.
  1033 | D:1      | Gained mutation: A meltable shield of frost defends you.
                  | (SH +4) [demonic ancestry]
  1033 | D:1      | Reached XP level 3. HP: 24/24 MP: 4/6
  1037 | D:1      | Learned a level 3 spell: Inner Flame
  2419 | D:3      | Gained mutation: You have a pair of antennae on your head.
                  | [demonic ancestry]
  2419 | D:3      | Reached XP level 4. HP: 31/31 MP: 1/7
  2892 | D:3      | Noticed a kobold brigand
  2929 | D:3      | Killed a kobold brigand
  2930 | D:3      | Reached skill level 1 in Fighting
  2930 | D:3      | Reached skill level 1 in Hexes
  2930 | D:3      | Gained mutation: Your movements are slightly less
                  | encumbered by armour. (ER -2) [demonic ancestry]
  2930 | D:3      | Reached XP level 5. HP: 28/37 MP: 6/9
  3137 | D:3      | Gained mutation: You regenerate a little health from kills.
                  | [demonic ancestry]
  3137 | D:3      | Reached XP level 6. HP: 28/44 MP: 7/10
  3937 | D:3      | Reached XP level 7. HP: 42/51 MP: 6/11
  4729 | D:4      | Found a shimmering altar of Xom.
  4791 | D:4      | Found Baastr Jargh's Assorted Antiques.
  4796 | D:4      | Bought a scroll labelled BULOCUSEWO for 24 gold pieces
  4796 | D:4      | Bought a lumpy amethyst potion for 21 gold pieces
  4796 | D:4      | Bought 2 silvery potions for 43 gold pieces
  4796 | D:4      | Bought a fuming puce potion for 21 gold pieces
  4828 | D:4      | Found a blossoming altar of Fedhas.
  4862 | D:4      | Found a basalt altar of Yredelemnul.
  4864 | D:4      | Found an iron altar of Okawaru.
  4865 | D:4      | Found an ornate altar of the Wu Jian Council.
  4867 | D:4      | Found a sparkling altar of Nemelex Xobeh.
  5085 | D:5      | Entered Level 5 of the Dungeon
  5108 | D:5      | Reached XP level 8. HP: 58/58 MP: 13/13
  5126 | D:5      | Found a staircase to the Ecumenical Temple.
  6542 | Temple   | Entered the Ecumenical Temple
  6551 | Temple   | Became a worshipper of Gozag Ym Sagoz the Greedy
  6703 | D:6      | Found a transporter.
  6863 | D:6      | Found a transporter.
  7373 | D:6      | Noticed a kobold demonologist
  7397 | D:6      | Reached XP level 9. HP: 65/65 MP: 10/15
  7401 | D:6      | Learned a level 3 spell: Summon Guardian Golem
  7549 | D:6      | Killed a kobold demonologist
  7550 | D:6      | Reached skill level 5 in Fire Magic
  7559 | D:6      | Reached skill level 5 in Stealth
  8553 | D:7      | Learned a level 3 spell: Mephitic Cloud
  9194 | D:7      | Reached skill level 1 in Summonings
  9194 | D:7      | Reached skill level 1 in Poison Magic
  9345 | D:7      | Reached skill level 5 in Dodging
  9345 | D:7      | Reached skill level 5 in Conjurations
  9345 | D:7      | Reached skill level 1 in Air Magic
  9463 | D:7      | Reached skill level 5 in Spellcasting
  9878 | D:8      | Noticed Joseph
  9895 | D:8      | Learned a level 3 spell: Dazzling Flash
  9899 | D:8      | Learned a level 2 spell: Poisonous Vapours
  9933 | D:8      | Killed Joseph
  9934 | D:8      | Reached skill level 5 in Fighting
  9934 | D:8      | Reached XP level 10. HP: 74/74 MP: 7/17
  9960 | D:8      | Found Duaxzastryt's Distillery.
  9970 | D:8      | Bought a potion of cancellation for 88 gold pieces
  9970 | D:8      | Bought a potion of heal wounds for 55 gold pieces
 10290 | D:8      | Reached skill level 5 in Hexes
 10293 | D:8      | Noticed an elephant
 10322 | D:7      | Killed an elephant
 10492 | D:8      | Found a staircase to the Lair.
 11387 | D:9      | Noticed mandarbmax's ghost (journeyman VSFi)
 11625 | D:9      | Found a staircase to the Orcish Mines.
 11844 | D:9      | Found a transporter.
 11849 | D:9      | Found a transporter.
 12145 | D:10     | Entered Level 10 of the Dungeon
 13297 | D:11     | Noticed a cyclops
 13312 | D:10     | HP: 1/75 [troll (12)]
 13500 | Lair:1   | Entered Level 1 of the Lair of Beasts
 13511 | Lair:1   | Noticed a black mamba
 13517 | Lair:1   | Noticed a cane toad
 13530 | D:8      | Killed a black mamba
 13872 | Lair:1   | Killed a cane toad
 14544 | D:8      | Gained mutation: You regenerate health from kills. [demonic
                  | ancestry]
 14544 | D:8      | Reached XP level 11. HP: 50/81 MP: 19/19
 16174 | Lair:1   | Reached skill level 1 in Short Blades
 16490 | Lair:1   | Identified the +0 leather armour "Vetatynlaa" {rF+ rN+++
                  | Int+6 Slay-4}
 17327 | Lair:2   | HP: 1/82 [poisoned by a water moccasin]
 17703 | Lair:2   | Learned a level 3 spell: Call Canine Familiar
 17935 | Lair:2   | Found a staircase to the Swamp.
 18962 | Lair:3   | Learned a level 2 spell: Searing Ray
 18988 | Lair:3   | Slain by a jumping spider

Illustrated notes

Levels and vault maps discovered:
D:1:      dpeg_arrival_tiny_f, layout_basic, ebering_ecumenical_altar_mist,
          minivault_23, minmay_pentomino_x4
D:2:      layout_basic
D:3:      minmay_goblin_kobold_castle, layout_rooms
D:4:      layout_gridville, nicolae_overflow_hallway_of_the_gods, serial_shops,
          shop
D:5:      layout_loops_ring, minmay_temple_entry_grid
D:6:      gammafunk_cloud_chamber, layout_basic, grunt_decor_mini_mirrors
D:7:      layout_basic, bh_walls_and_bars
D:8:      layout_loops_ring, david_lair_generic, serial_shops, shop,
          chequers_serial_rivers_micro_b, uniq_joseph
D:9:      layout_irregular_city, erik_orc_1, gammafunk_ghost_hive, serial_glass,
          glass_columns_c, glass_columns_c, glass_columns_b, glass_columns_a
D:10:     layout_cave_pods
D:11:     layout_basic, gammafunk_ghost_split, uniq_harold, uniq_erica
Temple:   hellmonk_temple_of_storms
Lair:1:   layout_regular_city
Lair:2:   layout_regular_city, minmay_swamp_entry_worms,
          infiniplex_staircase_pool, serial_bayou_shore_b
Lair:3:   layout_hall_layers, spider_nest_entry_funnel_web

Skill      XL: |  1  2  3  4  5  6  7  8  9 10 11 |
---------------+----------------------------------+-----
Stealth        | 2 3 4 5 6 |  6.9
Dodging        | 2 3 4 5 6 |  6.4
Fire Magic     | 3 4 5 6 |  6.7
Fighting       | 1 2 3 4 5 6 |  6.5
Conjurations   | 2 3 4 5 6 |  6.2
Hexes          | 1 2 3 4 5 |  5.0
Spellcasting   | 3 4 5 6 |  6.4
Summonings     | 1 3 4 |  4.3
Poison Magic   | 1 3 4 |  4.3
Air Magic      | 1 3 4 |  4.0
Short Blades   | 2 |  2.5

Action                     |  1- 3 |  4- 6 |  7- 9 | 10-12 || total
---------------------------+-------+-------+-------+-------++-------
  Melee: Unarmed           |    11 |       |       |       ||    11
         Dagger            |    16 |    31 |   119 |   270 ||   436
         Punch             |       |       |     2 |     5 ||     7
   Cast: Foxfire           |    74 |    83 |   129 |   149 ||   435
         Scorch            |    12 |    21 |    88 |   129 ||   250
         Inner Flame       |     3 |       |       |       ||     3
         Summon Guardian G |       |       |    12 |     6 ||    18
         Poisonous Vapours |       |       |     7 |       ||     7
         Dazzling Flash    |       |       |       |    14 ||    14
         Mephitic Cloud    |       |       |       |     4 ||     4
         Call Canine Famil |       |       |       |     2 ||     2
  Evoke: Wand              |       |       |     1 |       ||     1
    Use: Scroll            |       |     2 |    12 |     9 ||    23
         Potion            |       |       |     3 |     6 ||     9
   Stab: Sleeping          |     3 |       |     9 |     1 ||    13
         Invisible         |       |       |       |     5 ||     5
         Distracted        |       |       |       |     2 ||     2
 Armour: Robe              |    19 |    28 |   130 |   265 ||   442
         Skin              |       |       |       |     6 ||     6
  Dodge: Dodged            |    23 |    43 |   112 |   307 ||   485
  Block: Other             |     2 |    16 |    30 |    86 ||   134

Table legend: (Time is in decaauts)
 A = Elapsed time spent in this place.
 B = Non-inter-level travel time spent in this place.
 C = Inter-level travel time spent in this place.
 D = Time resting spent in this place.
 E = Time spent auto-exploring this place.
 F = Levels seen in this place.
 G = Mean time per level.
                   A        B        C        D        E       F      G
               +--------+--------+--------+--------+--------+-----+--------+
         Total |  19053 |  18208 |    845 |   6799 |   7339 |  15 | 1270.2 |
       Dungeon |  14859 |  14054 |    805 |   4861 |   6178 |  11 | 1350.8 |
        Temple |     18 |      9 |      9 |      0 |      0 |   1 |   18.0 |
          Lair |   4175 |   4145 |     30 |   1938 |   1160 |   3 | 1391.7 |
               +--------+--------+--------+--------+--------+-----+--------+

Top non-repeatable levels by time:
     D:8: 2643 daAuts
  Lair:1: 2329 daAuts
     D:3: 2148 daAuts
     D:6: 1969 daAuts
     D:7: 1948 daAuts
  Lair:2: 1796 daAuts
     D:1: 1421 daAuts
    D:10: 1200 daAuts
     D:9: 1053 daAuts
     D:5: 883 daAuts
     D:2: 871 daAuts
     D:4: 694 daAuts
  Lair:3: 49 daAuts
    D:11: 25 daAuts
  Temple: 18 daAuts
